 Dungeon Crawl Stone Soup version 0.23.0-42-geed6394480 (webtiles) character file.

Game seed: 10279511935749022434

1342 D1HalberdGnoll the Cudgeler (level 8, -4/67 (70) HPs)
             Began as a Ghoul Warper on Mar 1, 2019.
             Was a Follower of Yredelemnul.
             Slain by a gnoll
             ... wielding a +0 halberd
              (12 damage)
             ... on level 6 of the Dungeon.
             The game lasted 00:11:42 (6150 turns).

D1HalberdGnoll the Cudgeler (Ghoul Warper)          Turns: 6150, Time: 00:11:43

HP:   -4/67 (70)    AC: 11    Str: 17    XL:     8   Next: 62%
MP:   9/9           EV:  6    Int:  8    God:    Yredelemnul [*.....]
Gold: 217           SH:  0    Dex:  8    Spells: 8/10 levels left

rFire    + + .     SeeInvis .   a - +1 mace
rCold    + + .     Gourm    .   (no shield)
rNeg     + + +     Faith    .   y - +0 scale mail
rPois    ∞         Spirit   .   u - +2 hat
rElec    .         Reflect  .   w - scarf {rC+ rF+}
rCorr    .         Harm     .   j - +2 pair of gloves
MR       .....                  (no boots)
Stlth    ..........             (no amulet)
HPRegen  0.00/turn              l - ring of protection from fire
MPRegen  0.11/turn              (no ring)

@: held, rotting
A: rotting body, claws 1, carnivore, cold resistance 1, negative energy
resistance 3, inhibited regeneration, torment resistance, unbreathing
a: Animate Remains, Renounce Religion


You were on level 6 of the Dungeon.
You worshipped Yredelemnul.
Yredelemnul was aware of your devotion.
You were not hungry.

You visited 2 branches of the dungeon, and saw 7 of its levels.

You collected 217 gold pieces.

Inventory:

Hand Weapons
 a - a +1 mace (weapon)
Missiles
 e - 4 tomahawks of dispersal (quivered)
 x - 2 tomahawks
Armour
 g - a +1 ring mail
 j - a +2 pair of gloves (worn)
 u - a +2 hat (worn)
 w - a scarf of resistance (worn)
 y - a +0 scale mail (worn)
Jewellery
 l - a ring of protection from fire (left hand)
Scrolls
 b - 4 scrolls of amnesia
 c - 2 scrolls of enchant armour
 d - 2 scrolls of blinking
 h - 3 scrolls of identify
 k - 2 scrolls of teleportation
 m - 5 scrolls of remove curse
 A - a scroll of enchant weapon
Potions
 i - a potion of flight {unknown}
 n - 2 potions of haste {unknown}
 p - 2 potions of brilliance {unknown}
 q - 2 potions of curing
 s - 5 potions of berserk rage {unknown}
 t - 4 potions of heal wounds {unknown}
 v - 2 potions of lignification
 z - a potion of cancellation {unknown}
Comestibles
 f - 13 rations


   Skills:
 + Level 5.7 Fighting
 * Level 6.6 Maces & Flails
 - Level 0.8 Throwing
 - Level 0.8 Armour
 + Level 4.7 Dodging
 - Level 1.7 Spellcasting
 - Level 2.6 Translocations
 + Level 2.7 Invocations


You had 8 spell levels left.
You knew the following spells:

 Your Spells              Type           Power        Failure   Level  Hunger
a - Blink                 Tloc           N/A          54%         2    ###....

Your spell library contained the following spells:

 Spells                   Type           Power        Failure   Level  Hunger
 Shroud of Golubria       Chrm/Tloc      #.........   75%         2    ###....
 Magic Dart               Conj           #...         78%         1    ##.....
 Gell's Gravitas          Tloc           #.........   78%         3    ####...
 Lesser Beckoning         Tloc           #.........   78%         3    ####...
 Teleport Other           Tloc           #.......     78%         3    ####...
 Call Imp                 Summ           #.......     89%         2    ###....
 Slow                     Hex            #.......     89%         2    ###....
 Conjure Flame            Conj/Fire      #.......     98%         3    ####...
 Mephitic Cloud           Conj/Pois/Air  #.......     98%         3    ####...
 Passage of Golubria      Tloc           N/A          99%         4    #####..


Dungeon Overview and Level Annotations

Branches:
Dungeon (6/15)             Temple (1/1) D:5

Altars:
Dithmenos
Elyvilon
Fedhas
Gozag
Hepliaklqana
Kikubaaqudgha
Nemelex Xobeh
Okawaru
Qazlal
Ru
Sif Muna
Trog
Uskayaw
Wu Jian
Xom
Yredelemnul
Zin
The Shining One

Annotations:
D:3 exclusion: downstairs
D:5 3 runed translucent doors, bpy6's ghost, novice HaHu
D:6 2 transporters, brittlin's ghost, amateur DrTm


Innate Abilities, Weirdness & Mutations

Your body is rotting away.
You thrive on raw meat.
You are immune to poison.
You have sharp fingernails.
You are carnivorous and can eat meat at any time.
Your flesh is cold resistant. (rC+)
You are immune to negative energy. (rN+++)
You do not regenerate when monsters are visible.
You are immune to unholy pain and torment.
You can survive without breathing.


Message History

The gnoll sergeant hits you but does no damage.
The gnoll throws a throwing net.
The throwing net hits you.
You become entangled in the net!
You see here a throwing net.
You struggle against the net.
The gnoll sergeant hits you from afar with a +1 spear of piercing.
* * * LOW HITPOINT WARNING * * *
x2 You struggle against the net.
The gnoll barely misses you.
The gnoll sergeant hits you but does no damage.
You struggle against the net.
The gnoll hits you from afar with a +0 halberd!
* * * LOW HITPOINT WARNING * * *
The gnoll sergeant barely misses you. The gnoll hits you but does no damage.
You struggle against the net.
The gnoll hits you from afar with a +0 halberd!
* * * LOW HITPOINT WARNING * * *
The gnoll sergeant hits you but does no damage.
The gnoll hits you from afar with a +0 halberd!
You die...
Yredelemnul claims you as an undead slave.

#.# ## #.# ... ### #.# ...##
#.. #.########## .....## #.#
#..........[ ......#### #.#
#.########## .........# #.#
#.# #.##.# ###.######.######
...##.##.####gg.@<............
............)Yg...####.####...
#.###.##.####)g....>...#
#.##...##.s...######
#.####.##.....######## ..#
#.####.##........ ### #.#
#.##.######. #.# #.##.# #.#
#.##.# .


You could see an ice beast, a gnoll sergeant, 3 gnolls and a giant cockroach.

Vanquished Creatures
  Grinder (D:4)
  An ogre (D:3)
  A gnoll sergeant (D:5)
  A water moccasin zombie (D:6)
  A scorpion (D:3)
  A wight (D:6)
  2 howler monkeys
  5 crimson imps
  A jelly (D:6)
  2 orc priests (D:5)
  2 bullfrog skeletons (D:5)
  An iguana (D:5)
  An orc wizard (D:5)
  4 worker ants
  A mummy (D:5)
  Robin (D:4)
  5 gnolls (D:5)
  7 adders
  A river rat (D:4)
  A shadow imp (D:6)
  An ooze (D:1)
  3 worms
  3 dart slugs
  3 leopard geckos
  13 orcs
  4 giant cockroaches
  15 goblins
  9 hobgoblins
  24 jackals
  7 kobolds
  3 quokkas
  6 bats (D:1)
  2 frilled lizards
  2 hobgoblin zombies (D:5)
  A jackal zombie (D:5)
  2 kobold zombies (D:5)
  A leopard gecko skeleton (D:4)
  7 rats
146 creatures vanquished.

Vanquished Creatures (collateral kills)
  2 gnolls (D:6)
2 creatures vanquished.

Grand Total: 148 creatures vanquished

Notes
Turn   | Place    | Note
-------+----------+-------------------------------------------
     0 | D:1      | D1HalberdGnoll the Ghoul Warper began the quest for the
                  | Orb.
     0 | D:1      | Reached XP level 1. HP: 17/17 MP: 2/2
    50 | D:1      | Reached skill level 2 in Maces & Flails
    54 | D:1      | Reached XP level 2. HP: 19/25 MP: 3/3
   409 | D:1      | Reached XP level 3. HP: 25/29 MP: 4/4
  1022 | D:2      | Reached XP level 4. HP: 32/37 MP: 5/5
  1063 | D:2      | Reached skill level 3 in Maces & Flails
  1560 | D:2      | Reached XP level 5. HP: 45/45 MP: 6/6
  1569 | D:2      | Found an ornate altar of the Wu Jian Council.
  1743 | D:3      | Found a glowing silver altar of Zin.
  1744 | D:3      | Noticed an angel
  1745 | D:3      | Found a shimmering altar of Xom.
  2068 | D:3      | Found a white marble altar of Elyvilon.
  2396 | D:4      | Noticed Robin
  2396 | D:4      | Noticed an ogre
  2415 | D:3      | Killed an ogre
  2415 | D:3      | Reached skill level 4 in Maces & Flails
  2415 | D:3      | Reached XP level 6. HP: 27/50 MP: 7/7
  2893 | D:4      | Killed Robin
  3006 | D:4      | Noticed Grinder
  3092 | D:4      | Paralysed by Grinder for 5 turns
  3103 | D:4      | Paralysed by Grinder for 4 turns
  3113 | D:4      | Killed Grinder
  3113 | D:4      | Reached skill level 5 in Maces & Flails
  3113 | D:4      | Reached XP level 7. HP: 31/60 MP: 8/8
  3374 | D:4      | Found a shadowy altar of Dithmenos.
  3433 | D:4      | Learned a level 2 spell: Blink
  3554 | D:5      | Entered Level 5 of the Dungeon
  3648 | D:5      | Found a staircase to the Ecumenical Temple.
  3679 | Temple   | Entered the Ecumenical Temple
  3760 | Temple   | Became a worshipper of Yredelemnul the Dark
  3923 | D:5      | Found a runed translucent gate.
  3924 | D:5      | Found a runed translucent gate.
  3924 | D:5      | Found a runed translucent gate.
  3924 | D:5      | Found an opulent altar of Gozag.
  3925 | D:5      | Noticed bpy6's ghost (novice HaHu)
  4023 | D:5      | Reached skill level 5 in Fighting
  4132 | D:5      | Reached skill level 1 in Invocations
  4166 | D:5      | Reached XP level 8. HP: 61/68 MP: 9/9
  4181 | D:5      | Found a hide-covered altar of Uskayaw.
  4236 | D:5      | Reached * piety under Yredelemnul
  4430 | D:5      | Reached skill level 6 in Maces & Flails
  5776 | D:6      | Found a transporter.
  5777 | D:6      | Noticed brittlin's ghost (amateur DrTm)
  5813 | D:6      | Found a transporter.
  6150 | D:6      | Slain by a gnoll

Skill      XL: |  1  2  3  4  5  6  7  8 |
---------------+-------------------------+-----
Maces & Flails | 2 3 4 5 6 |  6.6
Dodging        | 2 3 4 |  4.7
Fighting       | 3 4 5 |  5.7
Invocations    | 1 2 |  2.7
Throwing       | |  0.8
Armour         | |  0.8
Spellcasting   | |  1.7
Translocations | |  2.6

Action                   |  1- 3 |  4- 6 |  7- 9 || total
-------------------------+-------+-------+-------++-------
Melee: Mace              |   144 |   236 |   353 ||   733
Throw: Tomahawk          |       |     1 |       ||     1
Evoke: Wand              |       |       |     2 ||     2
  Use: Scroll            |       |    11 |     3 ||    14
       Potion            |       |     1 |     3 ||     4
  Eat: Chunk             |     9 |    15 |    19 ||    43
Armor: Ring mail         |   103 |   130 |    32 ||   265
       Scale mail        |       |       |   146 ||   146
Dodge: Dodged            |   124 |   169 |   193 ||   486
